 Dungeon Crawl Stone Soup version 0.24-a0-537-g2d01d4ab0a (webtiles) character file.

Game seed: 4123738096827409043

1932 cronotk the Protected (level 8, -2/73 HPs)
             Began as a Minotaur Fighter on Aug 16, 2019.
             Was a Believer of Okawaru.
             Killed from afar by an electric eel (12 damage)
             ... with a bolt of electricity
             ... on level 7 of the Dungeon.
             The game lasted 00:28:47 (7760 turns).

cronotk the Protected (Minotaur Fighter)            Turns: 7760, Time: 00:28:47

Health: -2/73      AC: 12    Str: 21    XL:     8   Next: 97%
Magic:  8/8        EV:  7    Int:  5    God:    Okawaru [**....]
Gold:   141        SH:  9    Dex: 12    Spells: 7/7 levels left

rFire    . . .     SeeInvis .   a - +0 long sword
rCold    . . .     Gourm    .   c - +0 shield
rNeg     . . .     Faith    .   F - +0 chain mail
rPois    +         Spirit   .   (helmet restricted)
rElec    .         Reflect  .   A - +0 cloak
rCorr    .         Harm     .   (no gloves)
MR       .....                  (no boots)
Stlth    ..........             (no amulet)
HPRegen  0.22/turn              q - ring of poison resistance
MPRegen  0.11/turn              (no ring)

@: no status effects
A: retaliatory headbutt, horns 2
a: Heroism, Renounce Religion


You were on level 7 of the Dungeon.
You worshipped Okawaru.
Okawaru was pleased with you.
You were hungry.

You visited 2 branches of the dungeon, and saw 8 of its levels.

You collected 242 gold pieces.
You spent 101 gold pieces at shops.

Inventory:

Hand Weapons
 a - a +0 long sword (weapon)
 s - a +0 short sword of electrocution
 B - the cursed +0 mace of the Eternal Void {freeze, rC+ Int+2 Dex+4}
   (You found it on level 4 of the Dungeon)

   It has been specially enchanted to freeze those struck by it, causing extra
   injury to most foes and up to half again as much damage against particularly
   susceptible opponents.
   It can also slow down cold-blooded creatures.
   It affects your intelligence (+2).
   It affects your dexterity (+4).
   It protects you from cold.
   It has a curse placed upon it.
 E - a +1 dagger of flaming
Armour
 c - a +0 shield (worn)
 A - a +0 cloak (worn)
 F - a +0 chain mail (worn)
Jewellery
 q - a ring of poison resistance (left hand)
 w - a cursed +2 ring of slaying {unknown}
Wands
 e - a wand of clouds (4)
 z - a wand of random effects (13)
 D - a wand of iceblast (6)
Scrolls
 b - a scroll of noise {unknown}
 i - 3 scrolls of enchant armour {unknown}
 k - 2 scrolls of remove curse
 r - 2 scrolls of identify
 t - a scroll of magic mapping {unknown}
 u - 4 scrolls of teleportation
 y - 5 scrolls of blinking
 C - a scroll of fog {unknown}
Potions
 d - 2 potions of might
 g - a potion of agility {unknown}
 j - a potion of magic {unknown}
 l - 4 potions of brilliance {unknown}
 m - a potion of cancellation {unknown}
 n - a potion of degeneration {unknown}
 o - 2 potions of curing {unknown}
 p - 3 potions of lignification
 v - 5 potions of berserk rage
 x - a potion of haste {unknown}
Comestibles
 f - 9 rations


   Skills:
 * Level 7.4 Fighting
 + Level 8.5 Long Blades
 * Level 8.6 Armour
 + Level 2.8 Dodging
 - Level 3.6 Shields
 * Level 2.4 Invocations
 + Level 1.0 Evocations


You had 7 spell levels left.
You didn't know any spells.
Your spell library was empty.

Dungeon Overview and Level Annotations

Branches:
Dungeon (7/15)             Temple (1/1) D:5

Altars:
Ashenzari
Cheibriados
Dithmenos
Elyvilon
Fedhas
Gozag
Hepliaklqana
Kikubaaqudgha
Makhleb
Nemelex Xobeh
Okawaru
Qazlal
Ru
Sif Muna
Trog
Uskayaw
Vehumet
Wu Jian
Xom
Yredelemnul
Zin
The Shining One

Shops:
D:7 *[:[

Annotations:
D:7 1000g armor


Innate Abilities, Weirdness & Mutations

You reflexively headbutt those who attack you in melee.
You have a pair of horns on your head.


Message History

There is a large open door here.
You barely miss the electric eel. Your headbutt misses the electric eel.
You hit the electric eel but do no damage.
Your headbutt misses the electric eel.
The electric eel shoots out a bolt of lightning at you!
The bolt of electricity hits you! x2
The bolt of electricity hits the electric eel.
The electric eel completely resists.
You barely miss the electric eel.
You hit the electric eel but do no damage.
The electric eel shoots out a bolt of lightning at you!
The bolt of electricity hits you! The bolt of electricity hits you.
The bolt of electricity hits the electric eel.
The electric eel completely resists.
You barely miss the electric eel.
The electric eel shoots out a bolt of lightning at you!
The bolt of electricity hits you!
* * * LOW HITPOINT WARNING * * *
The bolt of electricity hits you!
You die...

....>#.#≈≈≈≈≈≈≈
###..#.#≈≈≈≈≈≈≈≈..≈≈≈≈≈≈
#......#≈≈≈≈≈≈≈≈..≈≈≈≈≈≈
###..#.##≈≈≈≈≈≈≈..≈≈≈≈≈≈
###..#.###≈≈≈≈≈≈..≈≈≈≈≈≈
.........##≈≈≈≈≈..≈≈≈≈≈#
######.#.# #≈≈≈≈..≈≈≈≈#
#.#.# #≈≈;..≈≈≈#
#.#.##### #@'#
#.#.....###..# ###
..#####.....## #<# ###
#.##### #.# #.# #.#
#.########.####
#....∩).[[....# ...
#^########.##.# ### #.#
#.# #


You could see an electric eel.

Vanquished Creatures
  Menkaure (D:6)
  Duvessa (D:6)
  A sky beast (D:7)
  An orc warrior (D:7)
  A phantom (D:6)
  2 centaurs
  2 ogres (D:4)
  Dowan (D:6)
  2 scorpions
  A killer bee (D:7)
  A crimson imp (D:7)
  A jelly (D:5)
  A hound (D:6)
  2 orc priests (D:5)
  Crazy Yiuf (D:3)
  9 orc wizards
  2 bullfrog skeletons (D:5)
  3 worker ants
  2 hound skeletons (D:7)
  A howler monkey zombie (D:6)
  2 worker ant zombies (D:5)
  10 adders
  2 river rats (D:3)
  A shadow imp (D:5)
  An ooze (D:2)
  An adder zombie (D:6)
  An adder skeleton (D:6)
  7 worms
  2 dart slugs
  4 leopard geckos
  17 orcs
  8 bats
  8 giant cockroaches
  7 goblins
  10 hobgoblins
  8 jackals
  3 quokkas
  5 frilled lizards
  9 kobolds
  A leopard gecko skeleton (D:6)
  A quokka zombie (D:6)
  8 rats
152 creatures vanquished.

Notes
Turn   | Place    | Note
-------+----------+-------------------------------------------
     0 | D:1      | cronotk the Minotaur Fighter began the quest for the Orb.
     0 | D:1      | Reached XP level 1. HP: 19/19 MP: 0/0
   271 | D:1      | Reached XP level 2. HP: 27/27 MP: 1/1
   795 | D:1      | Reached XP level 3. HP: 33/33 MP: 2/2
  1635 | D:2      | Reached XP level 4. HP: 41/41 MP: 3/3
  2102 | D:3      | Reached skill level 5 in Armour
  2309 | D:3      | Found a runed translucent door.
  2310 | D:3      | Noticed Crazy Yiuf
  2318 | D:3      | Killed Crazy Yiuf
  2318 | D:3      | Reached XP level 5. HP: 47/47 MP: 4/4
  2506 | D:3      | Reached skill level 5 in Fighting
  2514 | D:3      | Found a glowing drain.
  3095 | D:4      | Noticed an ogre
  3098 | D:4      | Killed an ogre
  3098 | D:4      | Reached skill level 1 in Dodging
  3098 | D:4      | Reached XP level 6. HP: 49/56 MP: 5/5
  3220 | D:4      | Reached skill level 5 in Long Blades
  3489 | D:4      | Found a shimmering blue altar of Sif Muna.
  3796 | D:4      | Got a bloodstained mace
  4002 | D:5      | Entered Level 5 of the Dungeon
  4105 | D:5      | Reached XP level 7. HP: 52/63 MP: 6/6
  4263 | D:5      | Found a staircase to the Ecumenical Temple.
  4271 | Temple   | Entered the Ecumenical Temple
  4367 | Temple   | Became a worshipper of Warmaster Okawaru
  4555 | D:5      | Identified the cursed +0 mace of the Eternal Void {freeze,
                  | rC+ Int+2 Dex+4} (You found it on level 4 of the Dungeon)
  4612 | D:5      | Found a bloodstained altar of Trog.
  5376 | D:6      | Noticed Menkaure
  5380 | D:6      | Killed Menkaure
  5380 | D:6      | Reached skill level 1 in Invocations
  5612 | D:6      | Reached XP level 8. HP: 71/71 MP: 7/7
  6016 | D:6      | Reached * piety under Okawaru
  6085 | D:6      | Noticed Duvessa
  6085 | D:6      | Noticed Dowan
  6098 | D:6      | Killed Duvessa
  6100 | D:6      | Killed Dowan
  6644 | D:7      | Found Huracel's Armour Shop.
  6684 | D:7      | Found Feoxom's Antique Armour Boutique.
  7154 | D:7      | Found Onkiettan's Book Boutique.
  7171 | D:7      | Found Siptyff's Assorted Antiques.
  7191 | D:7      | Reached ** piety under Okawaru
  7192 | D:7      | Found an ornate altar of the Wu Jian Council.
  7294 | D:7      | Bought a puce potion for 31 gold pieces
  7294 | D:7      | Bought a scroll labeled DIMAN LUAFF for 35 gold pieces
  7294 | D:7      | Bought a scroll labeled UKUSSOK JIREXO for 35 gold pieces
  7371 | D:7      | Found a glowing silver altar of Zin.
  7373 | D:7      | Found a stormy altar of Qazlal.
  7376 | D:7      | Found a blossoming altar of Fedhas.
  7377 | D:7      | Found a sacrificial altar of Ru.
  7590 | D:7      | Reached skill level 1 in Evocations
  7760 | D:7      | Killed from afar by an electric eel

Levels and vault maps discovered:
D:1:      dpeg_arrival_concentric_ovals, layout_basic
D:2:      layout_basic, first_ration
D:3:      layout_loops_ring, lightli_sewer_entry_pipes, nrook_mini_vaults,
          uniq_crazy_yiuf_cottage
D:4:      layout_layer_cave, led_sif_pool
D:5:      layout_basic, minmay_temple_entry_ruins, st_stairs_6, trog_book
D:6:      layout_basic, uniq_menkaure, uniq_duvessa
D:7:      kennysheep_big_flooded_room, layout_basic, minitemple, serial_shops,
          nicolae_shop_statue_plus, shop, shop, shop_statue, shop
Temple:   minmay_temple_bridge_d

Skill      XL: |  1  2  3  4  5  6  7  8 |
---------------+-------------------------+-----
Armour         | 4 5 6 7 8 |  8.6
Fighting       | 4 5 6 7 |  7.4
Long Blades    | 3 4 5 6 8 |  8.5
Dodging        | 1 2 |  2.8
Invocations    | 1 2 |  2.4
Evocations     | 1 |  1.0
Shields        | |  3.6

Action                   |  1- 3 |  4- 6 |  7- 9 || total
-------------------------+-------+-------+-------++-------
Melee: Long sword        |   113 |   177 |   229 ||   519
       Headbutt          |    15 |    31 |    58 ||   104
Evoke: Wand              |       |       |     4 ||     4
  Use: Scroll            |       |       |    10 ||    10
  Eat: Chunk             |     2 |     9 |    11 ||    22
Armor: Scale mail        |    33 |    55 |    66 ||   154
       Chain mail        |       |       |    40 ||    40
Dodge: Dodged            |    31 |    44 |    50 ||   125
Block: Shield            |    63 |    96 |    85 ||   244
       Rpst.: Long sword |    12 |    15 |    11 ||    38

Table legend:
 A = Non-vault XP
 B = Vault XP
 C = Vault XP percentage of total XP
 D = Non-vault monster count
 E = Vault monster count
 F = Vault count percentage of total count
                 A         B        C        D         E       F
            +---------+---------+-------+---------+---------+-------
      Total |    2197 |     564 |  20.4 |     137 |      15 |   9.9
            +---------+---------+-------+---------+---------+-------
        D:1 |      48 |       0 |   0.0 |      27 |       0 |   0.0
        D:2 |      50 |       0 |   0.0 |      20 |       0 |   0.0
        D:3 |      60 |     113 |  65.3 |      17 |      11 |  39.3
        D:4 |     417 |       0 |   0.0 |      11 |       0 |   0.0
        D:5 |     563 |       0 |   0.0 |      26 |       0 |   0.0
        D:6 |     422 |     403 |  48.8 |      21 |       3 |  12.5
        D:7 |     637 |      48 |   7.0 |      15 |       1 |   6.2
            +---------+---------+-------+---------+---------+-------
